 Dungeon Crawl Stone Soup version 0.23.2-30-g0e89c35649 (webtiles) character file.

Game seed: 13699749106185666164

142 betelgeuse the Sneak (level 5, -4/32 HPs)
             Began as an Octopode Venom Mage on June 8, 2019.
             Slain by a sky beast (6 damage)
             ... on level 3 of the Dungeon.
             The game lasted 00:06:45 (2922 turns).

betelgeuse the Sneak (Octopode Venom Mage)          Turns: 2922, Time: 00:06:45

Health: -4/32      AC:  1    Str:  8    XL:     5   Next: 25%
Magic:  5/8        EV: 13    Int: 17    God:
Gold:   172        SH:  0    Dex: 13    Spells: 5/8 levels left

rFire    + . .     SeeInvis .   e - +2 dagger (pain)
rCold    . . .     Gourm    .   (no shield)
rNeg     . . .     Faith    .   (helmet restricted)
rPois    .         Spirit   .   (no amulet)
rElec    .         Reflect  .   a - ring of protection from fire
rCorr    .         Harm     .   (no ring)
MR       .....                  (no ring)
Stlth    ++++......             (no ring)
HPRegen  0.10/turn              (no ring)
MPRegen  0.11/turn              (no ring)
                                (no ring)
                                (no ring)

@: no status effects
A: almost no armour, stealthy swim, amphibious, 8 rings, constrict 8, camouflage
1, gelatinous body 1
a: no special abilities


You were on level 3 of the Dungeon.
You were not hungry.

You visited 1 branch of the dungeon, and saw 3 of its levels.

You collected 172 gold pieces.

Inventory:

Hand Weapons
 e - a +2 dagger of pain (weapon)
Missiles
 n - 3 tomahawks (quivered)
Jewellery
 a - a ring of protection from fire (left tentacle)
Scrolls
 d - 4 scrolls of identify {unknown}
 h - 2 scrolls of fog {unknown}
 k - a scroll of blinking {unknown}
Potions
 c - a potion of resistance {unknown}
 f - a potion of heal wounds {unknown}
 g - 3 potions of mutation {unknown}
 i - 2 potions of degeneration {unknown}
 j - 5 potions of curing {unknown}
 l - 2 potions of flight {unknown}
 m - a potion of berserk rage {unknown}
 p - a potion of brilliance {unknown}
 q - a potion of lignification {unknown}
Comestibles
 b - 8 rations
 o - 2 chunks of flesh


   Skills:
 + Level 0.6 Fighting
 + Level 1.9 Short Blades
 - Level 2.0 Dodging
 + Level 5.1 Stealth
 + Level 2.3 Spellcasting
 + Level 1.0 Conjurations
 * Level 1.4 Air Magic
 + Level 4.1 Poison Magic


You had 5 spell levels left.
You knew the following spells:

 Your Spells              Type           Power        Failure   Level  Hunger
a - Sting                 Conj/Pois      ##..         6%          1    #......
b - Poisonous Vapours     Pois/Air       ##....       9%          2    ##.....

Your spell library contained the following spells:

 Spells                   Type           Power        Failure   Level  Hunger
 Mephitic Cloud           Conj/Pois/Air  #.......     22%         3    ###....
 Olgreb's Toxic Radiance  Pois           ###.....     32%         4    #####..
 Venom Bolt               Conj/Pois      ##........   87%         5    ######.


Dungeon Overview and Level Annotations

Branches:
Dungeon (3/15)

Altars:


Innate Abilities, Weirdness & Mutations

You cannot wear most types of armour.
You are very stealthy in the water. (Stealth+)
You are amphibious.
You can wear up to eight rings at the same time.
You can use your tentacles to constrict eight enemies at once.
Your skin changes colour to match your surroundings (Stealth+).
Your rubbery body absorbs attacks. (AC +1, EV +1)


Message History

Aiming: Poisonous Vapours (safe; 9% risk of failure)
Press: ? - help, Dir - move target cursor Poisonous vapours surround something!
Something hits you. Something shocks you.
There is an open door here.
Things that are here:
a +0 flail; a +0 leather armour
There is an open door here.
Casting: Poisonous Vapours (safe; 9% risk of failure)
Confirm with . or Enter, or press ? or * to list all spells.
Aiming: Poisonous Vapours (safe; 9% risk of failure)
Press: ? - help, Dir - move target cursor Poisonous vapours surround something!
Something hits you. Something shocks you.
* * * LOW HITPOINT WARNING * * *
A sky beast appears from thin air!
Reactivating autopickup.
There is an open door here.
The sky beast hits you.
* * * LOW HITPOINT WARNING * * *
The sky beast shocks you.
You die...

#.......####...###'###
#.......####.####..K.K
#..........#)# #...##
#..........#.# #...##
#..........'.# #...##
####+##....### #...##
#<.K....# #...##
#Y##....# #...#
#.@.....# #...#
####....# #....#
#....# #....# ######


You could see a sky beast.

Vanquished Creatures
  An orc wizard (D:3)
  Terence (D:2)
  2 adders
  An ooze (D:1)
  A worm (D:2)
  A dart slug (D:2)
  2 leopard geckos
  An orc (D:3)
  3 ball pythons
  5 bats
  4 giant cockroaches
  5 goblins
  3 hobgoblins
  A quokka (D:2)
  7 frilled lizards
  14 kobolds
  8 rats
60 creatures vanquished.

Notes
Turn   | Place    | Note
-------+----------+-------------------------------------------
     0 | D:1      | betelgeuse the Octopode Venom Mage began the quest for the
                  | Orb.
     0 | D:1      | Reached XP level 1. HP: 11/11 MP: 3/3
   236 | D:1      | Reached skill level 3 in Stealth
   236 | D:1      | Reached XP level 2. HP: 17/17 MP: 5/5
   242 | D:1      | Learned a level 2 spell: Poisonous Vapours
  1189 | D:1      | Reached XP level 3. HP: 21/21 MP: 6/6
  1746 | D:2      | Reached skill level 4 in Stealth
  1836 | D:2      | Reached skill level 1 in Short Blades
  1951 | D:2      | Reached XP level 4. HP: 24/27 MP: 7/7
  2153 | D:2      | Noticed Terence
  2163 | D:2      | Killed Terence
  2163 | D:2      | Reached skill level 1 in Air Magic
  2504 | D:3      | Reached XP level 5. HP: 20/32 MP: 3/8
  2733 | D:3      | Reached skill level 5 in Stealth
  2867 | D:3      | Noticed a sky beast
  2922 | D:3      | Slain by a sky beast

Skill      XL: |  1  2  3  4  5 |
---------------+----------------+-----
Stealth        | 3 4 5 |  5.1
Poison Magic   | 4 |  4.1
Short Blades   | 1 |  1.9
Air Magic      | 1 |  1.4
Fighting       | |  0.6
Dodging        | |  2.0
Spellcasting   | |  2.3
Conjurations   | |  1.0

Action                   |  1- 3 |  4- 6 || total
-------------------------+-------+-------++-------
Melee: Unarmed           |     6 |       ||     6
       Dagger            |    81 |    46 ||   127
       Constrict         |    14 |    12 ||    26
       Tentacles         |     9 |     3 ||    12
 Cast: Poisonous Vapours |     2 |    10 ||    12
 Stab: Sleeping          |    11 |     3 ||    14
  Eat: Chunk             |     3 |     4 ||     7
Armor: Skin              |     8 |     4 ||    12
Dodge: Dodged            |    56 |    23 ||    79
